 Dungeon Sprint DCSS version 0.27.1-33-g824d729ab1 (webtiles) character file.

Game seed: 16205427882129815661

629 Hipnos the Unseen (level 7, -22/33 HPs)
             Began as a Spriggan Enchanter on Nov 25, 2021.
             Was an Initiate of Kikubaaqudgha.
             Annihilated by Sonja (24 damage)
             ... in the Dungeon (Sprint I: "Red Sonja").
             The game lasted 00:02:16 (214 turns).

Hipnos the Unseen (Spriggan Enchanter)               Turns: 214, Time: 00:02:18

Health: -22/33     AC:  2    Str:  4    XL:     7   Next: 23%
Magic:  14/18      EV: 20    Int: 16    God:    Kikubaaqudgha [......]
Gold:   415        SH:  0    Dex: 18    Spells: 10/19 levels left

rFire    . . .     SeeInvis +   a - +1 dagger
rCold    . . .     Faith    .   (shield restricted)
rNeg     . . .     Spirit   .   b - +0 robe
rPois    .         Reflect  .   (helmet restricted)
rElec    .         Harm     .   (no cloak)
rCorr    .         Rampage  .   (gloves unavailable)
Will     +....     NoTele   +   (boots unavailable)
Stlth    ++++++....             (no amulet)
HPRegen  0.11/turn              (no ring)
MPRegen  0.16/turn              (no ring)

@: very quick
A: very small, no large weapons, unfitting armour, see invisible, speed 3
a: Renounce Religion


You were in the Dungeon.
You worshipped Kikubaaqudgha.
Kikubaaqudgha was noncommittal.
You visited 1 branch You collected 415 gold pieces.

Inventory:

Hand Weapons
 a - a +1 dagger (weapon)
Armour
 b - a +0 robe (worn)
Scrolls
 g - a scroll of identify {unknown}
 h - a scroll of blinking
Potions
 c - a potion of curing
 d - a potion of heal wounds
 e - a potion of haste
 f - 2 potions of magic


   Skills:
 + Level 1.2 Fighting
 + Level 4.8 Short Blades
 + Level 5.7 Dodging
 * Level 16.1 Stealth
 + Level 6.8 Spellcasting
 + Level 9.9 Hexes
 + Level 1.3 Ice Magic


You had 10 spell levels left.
You knew the following spells:

 Your Spells              Type           Power      Damage    Failure   Level
a - Corona                Hex            41%        N/A       1%          1
b - Ensorcelled Hibernat  Hex/Ice        46%        N/A       1%          2
c - Confusing Touch       Hex            37%        N/A       1%          3
d - Dazzling Flash        Conj/Hex       42%        N/A       4%          3

Your spell library contained the following spells:

 Spells                   Type           Power      Damage    Failure   Level
 Tukima's Dance           Hex            37%        N/A       1%          3


Dungeon Overview and Level Annotations

Branches:
Dungeon (1/1)

Altars:
Cheibriados
Dithmenos
Elyvilon
Fedhas
Gozag
Hepliaklqana
Kikubaaqudgha
Makhleb
Nemelex Xobeh
Okawaru
Qazlal
Ru
Sif Muna
Trog
Uskayaw
Vehumet
Wu Jian
Xom
Yredelemnul
Zin
The Shining One
Jiyva
Lugonu

Shops:
D =

Annotations:
D Sonja


Innate Abilities, Weirdness & Mutations

You are very small and have problems with some larger weapons.
You are too small for most types of armour.
You have supernaturally acute eyesight. (SInv)
You cover ground extremely quickly. (Speed+++)


Message History

You now have 361 gold pieces (gained 27).
You now have 388 gold pieces (gained 27).
You now have 415 gold pieces (gained 27).
There is an open door here.
There is an open door here.
There is an open door here.
You see here a +0 scale mail.
You open the door.
Sonja, the Graceful Assassin comes into view.
She is wielding a +1 short sword of distortion and quivering curare-tipped darts.
Found 108 gold pieces.
There is an open door here.
Sonja shouts!
Sonja hits you with a +1 short sword of distortion!
Sonja closely misses you. x2
You barely miss Sonja.
Sonja hits you with a +1 short sword of distortion.
Sonja completely misses you. Sonja closely misses you.
Casting: Ensorcelled Hibernation (safe; 1% risk of failure)
Confirm with . or Enter, or press ? or * to list all spells.
Aiming: Ensorcelled Hibernation (safe; 1% risk of failure)
Press: ? - help, Shift-Dir - straight line, f - Sonja
Aim: Sonja, wielding a +1 short sword of distortion and quivering curare-tipped darts (chance to affect: 62%) Sonja resists with significant effort.
Sonja closely misses you. Sonja misses you. Sonja barely misses you.
Casting: Ensorcelled Hibernation (safe; 1% risk of failure)
Confirm with . or Enter, or press ? or * to list all spells.
Aiming: Ensorcelled Hibernation (safe; 1% risk of failure)
Press: ? - help, Shift-Dir - straight line, f/p - Sonja
Aim: Sonja, wielding a +1 short sword of distortion and quivering curare-tipped darts (chance to affect: 62%) Sonja resists with significant effort.
Sonja closely misses you.
Sonja hits you with a +1 short sword of distortion.
Space bends around you.
Sonja hits you with a +1 short sword of distortion.
* * * LOW HITPOINT WARNING * * *
Sonja hits you with a +1 short sword of distortion.
* * * LOW HITPOINT WARNING * * *
Space warps horribly around you!!
Ouch! That really hurt!
You die...
Kikubaaqudgha rasps: "You have failed me!
Welcome... death!"

#..#####'#####'#__####
#..####..#...#[####
#..#__####..##.#
#..#_____##'#_.+
#⌠⌠#_.∩...'..._#
####_..__##_.#'#
#_____###'#.#
#########.###


+$@$+ #$K$# ##.## #+# You could see Sonja.

Vanquished Creatures
  A slime creature (D)
  Sigmund (D)
  A yak (D)
  An ogre (D)
  A jelly (D)
  Ijyb (D)
6 creatures vanquished.

Notes
Turn   | Place    | Note
-------+----------+-------------------------------------------
     0 | D        | Hipnos the Spriggan Enchanter began the quest for the Orb.
     0 | D        | Reached XP level 1. HP: 9/9 MP: 5/5
     1 | D        | Noticed Ijyb
    13 | D        | Killed Ijyb
    14 | D        | Reached skill level 7 in Stealth
    14 | D        | Reached skill level 5 in Hexes
    14 | D        | Reached XP level 2. HP: 13/13 MP: 5/7
    33 | D        | Learned a level 2 spell: Ensorcelled Hibernation
    48 | D        | Noticed an ogre
    51 | D        | Killed an ogre
    52 | D        | Reached skill level 10 in Stealth
    52 | D        | Reached XP level 3. HP: 17/17 MP: 7/9
    52 | D        | Reached XP level 4. HP: 21/21 MP: 8/11
    68 | D        | Learned a level 3 spell: Confusing Touch
    72 | D        | Learned a level 3 spell: Dazzling Flash
    81 | D        | Noticed Sigmund
    86 | D        | Killed Sigmund
    87 | D        | Reached skill level 1 in Fighting
    87 | D        | Reached skill level 13 in Stealth
    87 | D        | Reached skill level 5 in Spellcasting
    87 | D        | Reached XP level 5. HP: 25/25 MP: 10/14
   117 | D        | Found an ornate altar of the Wu Jian Council.
   117 | D        | Found a shimmering blue altar of Sif Muna.
   119 | D        | Found a radiant altar of Vehumet.
   124 | D        | Reached XP level 6. HP: 30/30 MP: 15/15
   126 | D        | Found Vorat's Jewellery Emporium.
   126 | D        | Found an ancient bone altar of Kikubaaqudgha.
   126 | D        | Found a hazy altar of Hepliaklqana.
   126 | D        | Found a stormy altar of Qazlal.
   126 | D        | Found a hide-covered altar of Uskayaw.
   126 | D        | Found a blossoming altar of Fedhas.
   126 | D        | Found a bloodstained altar of Trog.
   126 | D        | Found an iron altar of Okawaru.
   126 | D        | Found a basalt altar of Yredelemnul.
   126 | D        | Found a glowing golden altar of the Shining One.
   126 | D        | Found a snail-covered altar of Cheibriados.
   126 | D        | Found a sacrificial altar of Ru.
   126 | D        | Found a glowing silver altar of Zin.
   126 | D        | Found a shadowy altar of Dithmenos.
   126 | D        | Found a white marble altar of Elyvilon.
   126 | D        | Noticed a yak
   129 | D        | Killed a yak
   130 | D        | Reached skill level 5 in Dodging
   130 | D        | Reached skill level 15 in Stealth
   130 | D        | Reached skill level 1 in Ice Magic
   130 | D        | Found an opulent altar of Gozag.
   131 | D        | Found a sparkling altar of Nemelex Xobeh.
   137 | D        | Became a worshipper of Kikubaaqudgha
   181 | D        | Found a burning altar of Makhleb.
   181 | D        | Found a viscous altar of Jiyva.
   181 | D        | Found a shimmering altar of Xom.
   181 | D        | Found a corrupted altar of Lugonu.
   181 | D        | Noticed a slime creature
   184 | D        | Killed a slime creature
   185 | D        | Reached skill level 16 in Stealth
   185 | D        | Reached XP level 7. HP: 33/33 MP: 18/18
   208 | D        | Noticed Sonja
   214 | D        | Annihilated by Sonja

Illustrated notes

Levels and vault maps discovered:
D:        dungeon_sprint_1 [red_sonja_temple_1, red_sonja_temple_small_1]

Skill      XL: |  1  2  3  4  5  6 |
---------------+-------------------+-----
Dodging        | 3 4 5 |  5.7
Stealth        | 7 10 13 16 | 16.1
Spellcasting   | 3 4 5 6 |  6.8
Hexes          | 5 6 8 9 |  9.9
Short Blades   | 2 3 4 |  4.8
Fighting       | 1 |  1.2
Ice Magic      | 1 |  1.3

Action                   |  1- 3 |  4- 6 |  7- 9 || total
-------------------------+-------+-------+-------++-------
Melee: Dagger            |    10 |     6 |     1 ||    17
 Cast: Ensorcelled Hiber |       |     2 |     2 ||     4
  Use: Potion            |     1 |       |       ||     1
 Stab: Sleeping          |     1 |     4 |       ||     5
Dodge: Dodged            |     7 |     1 |     8 ||    16
